 Dungeon Crawl Stone Soup version 0.24.0-123-gd5b16e6ec5 (webtiles) character file.

Game seed: 4626836717092282639, levelgen mode: deterministic

29 FishyPogo the Charmwright (level 3, -32/46 HPs)
             Began as a Gnoll Skald on Dec 21, 2019.
             Killed from afar by an orc priest (39 damage)
             ... with an exploding inner flame
             ... hexed by the player character
             ... on level 3 of the Dungeon.
             The game lasted 00:03:11 (965 turns).

FishyPogo the Charmwright (Gnoll Skald)              Turns: 965, Time: 00:03:12

Health: -32/46     AC: 21    Str: 14    XL:     3   Next: 16%
Magic:  7/9        EV:  2    Int: 15    God:
Gold:   30         SH:  0    Dex: 14    Spells: 1/12 levels left

rFire    . . .     SeeInvis .   a - +0 mace
rCold    . . .     Gourm    .   (no shield)
rNeg     + + +     Faith    .   (armour currently unavailable)
rPois    +         Spirit   .   (helmet currently unavailable)
rElec    .         Reflect  .   (cloak currently unavailable)
rCorr    .         Harm     .   (gloves currently unavailable)
MR       .....     NoTele   +   (boots currently unavailable)
Stlth    ++........             (no amulet)
HPRegen  0.15/turn              (no ring)
MPRegen  0.11/turn              (no ring)

@: tree-form
A: distributed training, strong nose
a: no special abilities


You were on level 3 of the Dungeon.
You were not hungry.
You were a tree.
You visited 1 branch of the dungeon, and saw 3 of its levels.

You collected 30 gold pieces.

Inventory:

Hand Weapons
 a - a +0 mace (weapon)
Missiles
 f - 105 stones (quivered)
 h - 19 poisoned darts
Armour
 b - a +0 leather armour (melded)
Scrolls
 e - a scroll of immolation
 g - a scroll of teleportation
 i - a scroll of magic mapping
Comestibles
 d - 3 rations


   Skills:
 + Level 4.5 Fighting
 + Level 0.6 Short Blades
 + Level 0.6 Long Blades
 + Level 0.6 Axes
 + Level 4.5 Maces & Flails
 + Level 0.6 Polearms
 + Level 0.6 Staves
 + Level 0.6 Slings
 + Level 0.6 Bows
 + Level 0.6 Crossbows
 + Level 0.6 Throwing
 + Level 2.5 Armour
 + Level 4.5 Dodging
 + Level 0.6 Stealth
 + Level 0.6 Shields
 + Level 0.6 Unarmed Combat
 + Level 5.0 Spellcasting
 + Level 0.4 Conjurations
 + Level 0.4 Hexes
 + Level 5.4 Charms
 + Level 0.4 Summonings
 + Level 0.4 Necromancy
 + Level 0.4 Translocations
 + Level 0.4 Transmutations
 + Level 0.4 Fire Magic
 + Level 0.4 Ice Magic
 + Level 0.4 Air Magic
 + Level 0.4 Earth Magic
 + Level 0.4 Poison Magic
 + Level 0.8 Invocations
 + Level 0.6 Evocations


You had one spell level left.
You knew the following spells:

 Your Spells              Type           Power        Failure   Level  Hunger
h - Regeneration          Chrm/Necr      ##........   14%         3    ###....
n - Spectral Weapon       Hex/Chrm       ##......     14%         3    ###....
p - Shroud of Golubria    Chrm/Tloc      ##....       8%          2    ##.....
u - Song of Slaying       Chrm           ###.....     2%          2    ##.....
y - Infusion              Chrm           ###.         1%          1    None

Your spell library contained the following spells:

 Spells                   Type           Power        Failure   Level  Hunger


Dungeon Overview and Level Annotations

Branches:
Dungeon (3/15)

Altars:
The Shining One


Innate Abilities, Weirdness & Mutations

Your experience applies equally to all skills.
((You have very sharp teeth.))
Your uncanny sense of smell can sniff out nearby items.


Message History

You are too injured to fight recklessly!
You are too injured to fight recklessly!
You are too injured to fight recklessly!
You barely miss the bat. The bat hits you but does no damage.
The orc hits you but does no damage.
The orc priest hits you but does no damage.
The orc hits you but does no damage. The orc completely misses you.
You hit the bat.
The bat explodes!
The fiery explosion engulfs you!
* * * LOW HITPOINT WARNING * * *
The fiery explosion engulfs the orc!!
The orc explodes!
The fiery explosion engulfs the orc!
The orc explodes!
The fiery explosion engulfs the orc priest!!
The orc priest explodes!
The fiery explosion engulfs you!!!
Ouch! That really hurt!
You die...

###########..#**(###,*,,,,,,,,,*
.....o.......###...#,*,,,>,,,,,*
####.##......##....#,*,,,,,,,,,*
***#..#....o...._...,,,,,,,,,,,*
,,,...#...##.#....#*,,,.,,,,,,,*
.*.....#####.#,..##*,...,,,,,,,*
.?.....#* #.###§###....,,,,,,,**
........* #..†o§§§.....,,,,,,,,*
......[.# #####♣§§.....,,,,,,,,*
,,....,,*****∆#§§#§.....*******,*
**,,,,,,,,∆,*,#§g#,#....*,,,,,,,*
*****,,,,**,*,#..#,*,...*,*******
* *,,****,,,[.##**,,..*,* *
****<,**,..#*,<*,,,,*,* *
*,,,*,..*,,,*,,,,*,******
*********,+*...*,,**,,,,,,,,,,,*
,,,,,,,,***,,,,,****,,,,,*****,*


You could see an orc (inner flame) and a hobgoblin (inner flame).

Vanquished Creatures
  An ooze (D:1)
  2 dart slugs (D:1)
  An orc (D:3)
  3 giant cockroaches (D:1)
  3 goblins (D:1)
  3 hobgoblins (D:1)
  A bat (D:1)
  3 kobolds (D:1)
  2 rats (D:1)
19 creatures vanquished.

Notes
Turn   | Place    | Note
-------+----------+-------------------------------------------
     0 | D:1      | FishyPogo the Gnoll Skald began the quest for the Orb.
     0 | D:1      | Reached XP level 1. HP: 20/20 MP: 6/6
    48 | D:1      | Reached XP level 2. HP: 17/26 MP: 7/7
   215 | D:1      | Learned a level 2 spell: Song of Slaying
   218 | D:1      | Learned a level 2 spell: Shroud of Golubria
   299 | D:1      | Reached XP level 3. HP: 26/31 MP: 6/9
   304 | D:1      | Learned a level 3 spell: Regeneration
   308 | D:1      | Learned a level 3 spell: Spectral Weapon
   544 | D:1      | Reached skill level 5 in Spellcasting
   940 | D:3      | Found a glowing golden altar of the Shining One.
   965 | D:3      | Killed from afar by an orc priest

Levels and vault maps discovered:
D:1:      erik_arrival_blinker_ship, layout_basic, minmay_bisected
D:2:      layout_basic, fedhas_altar_3, yredelemnul_altar_generic,
          gammafunk_temple_overflow_wave
D:3:      layout_basic, lemuel_doored_altar, nicolae_overflow_crystal_walls,
          first_ration, grunt_ministairs_6

Skill      XL: |  1  2  3 |
---------------+----------+-----
Spellcasting   | 5 |  5.0
Fighting       | |  4.5
Short Blades   | |  0.6
Long Blades    | |  0.6
Axes           | |  0.6
Maces & Flails | |  4.5
Polearms       | |  0.6
Staves         | |  0.6
Slings         | |  0.6
Bows           | |  0.6
Crossbows      | |  0.6
Throwing       | |  0.6
Armour         | |  2.5
Dodging        | |  4.5
Stealth        | |  0.6
Shields        | |  0.6
Unarmed Combat | |  0.6
Conjurations   | |  0.4
Hexes          | |  0.4
Charms         | |  5.4
Summonings     | |  0.4
Necromancy     | |  0.4
Translocations | |  0.4
Transmutations | |  0.4
Fire Magic     | |  0.4
Ice Magic      | |  0.4
Air Magic      | |  0.4
Earth Magic    | |  0.4
Poison Magic   | |  0.4
Invocations    | |  0.8
Evocations     | |  0.6

Action                   || total
-------------------------++-------
Melee: Mace              ||    59
       Bite              ||     4
       Punch             ||     1
 Cast: Infusion          ||     2
       Shroud of Golubri ||     6
       Regeneration      ||     1
  Use: Scroll            ||     6
       Potion            ||     1
 Stab: Sleeping          ||     1
Armor: Leather armour    ||    19
       Skin              ||    26
Dodge: Dodged            ||    65
